 Dungeon Crawl Stone Soup version 0.30-a0-799-g109b55a442 (webtiles) character file.

Game seed: 3883739366833378770

8 dolemite99 the Shooter (level 2, 0/25 HPs)
             Began as a Hill Orc Hunter on Feb 21, 2023.
             Frozen to death by an endoplasm (3 damage)
             ... on level 1 of the Dungeon.
             The game lasted 00:00:11 (39 turns).

dolemite99 the Shooter (Hill Orc Hunter)              Turns: 39, Time: 00:00:12

Health: 0/25       AC:  3    Str: 13    XL:     2   Next: 8%
Magic:  2/2        EV: 11    Int:  9    God:
Gold:   12         SH:  0    Dex: 14    Spells: 1/1 levels left

rFire   . . .      SeeInvis .    a - +0 shortbow
rCold   . . .      Faith    .    (shield currently unavailable)
rNeg    . . .      Spirit   .    c - +0 leather armour
rPois   .          Reflect  .    (no helmet)
rElec   .          Harm     .    (no cloak)
rCorr   .          Rampage  .    (no gloves)
Will    .....                    (no boots)
Stlth   +                        (no amulet)
HPRegen 0.24/turn                (no ring)
MPRegen 0.08/turn                (no ring)

@: no status effects
A: no striking features
a: no special abilities


You were on level 1 of the Dungeon.
You visited 1 branch of the dungeon, and saw 1 of its levels.

You collected 12 gold pieces.

Inventory:

Hand Weapons
 a - a +0 shortbow (weapon)
Armour
 c - a +0 leather armour (worn)
Scrolls
 b - a scroll of immolation


   Skills:
 - Level 2.4 Fighting
 + Level 4.0 Ranged Weapons
 - Level 1.5 Dodging
 - Level 0.7 Stealth


You had one spell level left.
You didn't know any spells.
Your spell library was empty.

Dungeon Overview and Level Annotations

Branches:
Dungeon (1/15)

Altars:


Message History

The ball python grabs you. The ball python constricts you.
You shoot an arrow.
The arrow closely misses the ball python.
The quokka barely misses you. The ball python completely misses you.
The ball python constricts you. The quokka barely misses you.
You shoot an arrow. The arrow hits the ball python.
You kill the ball python!
The quokka barely misses you.
You shoot an arrow. The arrow barely misses the quokka.
The quokka bites you but does no damage.
The endoplasm hits you. The quokka bites you.
The quokka attacks as you move away! The quokka bites you.
The endoplasm attacks as you move away! The endoplasm barely misses you.
You see here a hobgoblin corpse.
You shoot an arrow. The arrow hits the endoplasm.
The endoplasm is moderately wounded.
The endoplasm freezes you.
You are frozen.
The quokka bites you.
The endoplasm hits you but does no damage.
You shoot an arrow. The arrow barely misses the endoplasm.
The arrow hits the kobold!
You kill the kobold!
The quokka barely misses you. The endoplasm freezes you.
You are frozen.
Your Ranged Weapons skill increases to level 4!
You have reached level 2!
You shoot an arrow. The arrow closely misses the quokka.
The quokka barely misses you. The endoplasm freezes you.
You are frozen.
The quokka bites you.
You shoot an arrow. The arrow hits the quokka.
You kill the quokka!
The endoplasm hits you. The endoplasm freezes you.
You are frozen.
* * * LOW HITPOINT WARNING * * *
The endoplasm freezes you.
You are frozen.
You die...

. #... . ..
... #. ... ..#
... #.###.#
#.#. #.....#
.....
#.##..##..#.#.
#...†....)....
#.#.)#...###.[
#.#@J#.#.#
#...###.#
##....# #
#.....#
##...###
##.....#
#.....##
##....# #....#


You could see an endoplasm.

Vanquished Creatures
  A ball python (D:1)
  A goblin (D:1)
  A hobgoblin (D:1)
  2 kobolds (D:1)
  A quokka (D:1)
6 creatures vanquished.

Notes
Turn   | Place    | Note
-------+----------+-------------------------------------------
     0 | D:1      | dolemite99 the Hill Orc Hunter began the quest for the Orb.
     0 | D:1      | Reached XP level 1. HP: 18/18 MP: 1/1
    37 | D:1      | Reached skill level 4 in Ranged Weapons
    37 | D:1      | Reached XP level 2. HP: 14/25 MP: 2/2
    39 | D:1      | Frozen to death by an endoplasm

Illustrated notes

Levels and vault maps discovered:
D:1:      minmay_arrival_jagged, layout_basic, hangedman_abyss_or_decor_stabs,
          glass_columns_c, minmay_surrounded

Skill      XL: |  1 |
---------------+----+-----
Ranged Weapons | 4 |  4.0
Fighting       | |  2.4
Dodging        | |  1.5
Stealth        | |  0.7

Action                     || total
---------------------------++-------
   Fire: Shortbow          ||    18
 Armour: Leather armour    ||     3
  Dodge: Dodged            ||    13

Table legend: (Time is in decaauts)
 A = Elapsed time spent in this place.
 B = Non-inter-level travel time spent in this place.
 C = Inter-level travel time spent in this place.
 D = Time resting spent in this place.
 E = Time spent auto-exploring this place.
 F = Levels seen in this place.
 G = Mean time per level.
                   A        B        C        D        E       F      G
               +--------+--------+--------+--------+--------+-----+--------+
         Total |     45 |     45 |      0 |      0 |      9 |   1 |   45.0 |
       Dungeon |     45 |     45 |      0 |      0 |      9 |   1 |   45.0 |
               +--------+--------+--------+--------+--------+-----+--------+

Top non-repeatable levels by time:
     D:1: 45 daAuts
